AoeStats
← Vaskyn77

Pilgrims

507480331Analyzed
2v2 RM · 14d ago on Sep 18, 2026· 38m 44s· 4 players
Game mode
Random Map
Map size
Medium (4 player)
Population
200
Speed
Normal
Resources
Standard
Victory
Conquest
Starting age
Dark Age
Ending age
Imperial Age
RankedLock teamsTeams togetherTeam positionsShared explorationLock speedFull tech treeHidden civsTurbo modeCheats
Victory
Defeat
🇨🇳 Sicilians · China
917
+14
🇦🇷 Italians · Argentina
848
+16
🇨🇿 Italians · Czechia
870
-15
🇨🇿 Ethiopians · Czechia
869
-15
Vaskyn77
12:02 Loom
14:03 Feudal Age
15:27 Gold Mining
15:19 Horse Collar
17:39 Stone Mining
17:43 Double-Bit Axe
20:26 Castle Age
22:12 Pikeman
22:53 Squires
22:39 Arson
24:58 Padded Archer Armor
24:48 Fletching
26:53 Leather Archer Armor
26:33 Bodkin Arrow
34:25 Town Watch
35:17 Wheelbarrow
Lukascimice
12:02 Feudal Age
11:53 Loom
13:21 Horse Collar
13:31 Double-Bit Axe
21:37 Castle Age
20:51 Wheelbarrow
20:48 Fletching
21:01 Padded Archer Armor
22:10 Crossbowman
22:56 Heavy Plow
22:49 Gold Mining
23:11 Bow Saw
22:55 Stone Mining
23:12 Squires
27:28 Hand Cart
31:37 Thumb Ring
32:04 Town Watch
31:49 Man-at-Arms
33:14 Long Swordsman
37:52 Forging
37:45 Scale Mail Armor
Sukhavati
9:39 Feudal Age
10:09 Double-Bit Axe
14:05 Fishing Lines
16:34 Castle Age
16:14 Scale Barding Armor
16:40 Bloodlines
18:58 Wheelbarrow
19:28 Town Watch
19:52 Horse Collar
21:18 Chain Barding Armor
25:42 Bow Saw
26:13 Heavy Plow
27:19 Hand Cart
29:23 Gold Mining
29:49 Gillnets
31:12 Loom
31:28 Town Patrol
31:28 Fletching
31:43 Husbandry
33:38 Thumb Ring
36:46 Imperial Age
34:38 Ballistics
35:21 Bodkin Arrow
35:27 Padded Archer Armor
36:41 Stone Mining
37:57 Crop Rotation
38:28 Two-Man Saw
38:30 Chemistry
37:37 Bracer
38:13 Plate Barding Armor
37:54 Leather Archer Armor
38:19 Conscription
38:13 Pirotechnia
37:24 Elite Genoese Crossbowman
37:36 Cavalier
FFFF12138
13:03 Feudal Age
16:53 Castle Age
16:00 Double-Bit Axe
15:58 Horse Collar
17:50 Fishing Lines
18:25 Bow Saw
18:19 Heavy Plow
19:47 Gillnets
20:45 Wheelbarrow
19:56 Loom
23:46 Forging
23:36 Scale Mail Armor
25:18 Hand Cart
26:18 Chain Mail Armor
26:38 Iron Casting
25:54 Fletching
26:13 Squires
26:02 Arson
29:51 Imperial Age
27:11 Town Watch
27:31 Gambesons
28:44 Pikeman
29:19 Fletching
29:29 Padded Archer Armor
31:00 Conscription
31:00 First Crusade
30:11 Capped Ram
30:56 Elite Serjeant
31:10 Siege Ram
32:29 Gold Mining
32:31 Stone Mining
32:41 Heavy Plow
32:49 Town Patrol
33:27 Plate Mail Armor
33:59 First Crusade
37:42 Devotion
38:03 Sanctity
Connection lost

Rejoining the realm…

Still unreachable

The connection could not be restored.

Session expired

The server has moved on; the page needs a fresh start.